 Dungeon Crawl Stone Soup version 0.27.1 (webtiles) character file.

Game seed: 4905036142639853704

82 billz999 the Sneak (level 4, -9/28 HPs)
             Began as an Octopode Earth Elementalist on Aug 26, 2021.
             Mangled by a fire elemental (12 damage)
             ... created by the adversity of Qazlal
             ... on level 2 of the Dungeon.
             The game lasted 00:10:11 (2498 turns).

billz999 the Sneak (Octopode Earth Elementalist)    Turns: 2498, Time: 00:10:11

Health: -9/28      AC:  1    Str:  7    XL:     4   Next: 43%
Magic:  7/7        EV: 13    Int: 18    God:
Gold:   49         SH:  0    Dex: 12    Spells: 3/7 levels left

rFire    . . .     SeeInvis .   a - +0 dagger (venom)
rCold    x x .     Faith    .   (no shield)
rNeg     . . .     Spirit   .   (helmet restricted)
rPois    .         Reflect  .   (no amulet)
rElec    .         Harm     .   (no ring)
rCorr    .         Rampage  .   (no ring)
Will     .....                  (no ring)
Stlth    ++++......             (no ring)
HPRegen  0.09/turn              (no ring)
MPRegen  0.10/turn              (no ring)
                                (no ring)
                                (no ring)

@: no status effects
A: almost no armour, amphibious, 8 rings, camouflage 1, gelatinous body 1,
(nimble swimmer 1), tentacles, [cold vulnerability 2]
a: no special abilities


You were on level 2 of the Dungeon.
You visited 1 branch of the dungeon, and saw 3 of its levels.

You collected 49 gold pieces.

Inventory:

Hand Weapons
 a - a +0 dagger of venom (weapon)
Missiles
 b - 82 stones
Wands
 e - a wand of digging (3)
Scrolls
 c - a scroll of immolation
Potions
 d - a potion of berserk rage {unknown}


   Skills:
 - Level 1.0 Fighting
 - Level 1.2 Short Blades
 - Level 2.1 Dodging
 - Level 4.9 Stealth
 - Level 2.0 Spellcasting
 + Level 1.4 Conjurations
 - Level 1.0 Transmutations
 - Level 3.0 Earth Magic


You had 3 spell levels left.
You knew the following spells:

 Your Spells              Type           Power      Damage    Failure   Level
a - Sandblast             Erth           24%        2d8       5%          1
b - Stone Arrow           Conj/Erth      18%        3d8       22%         3

Your spell library contained the following spells:

 Spells                   Type           Power      Damage    Failure   Level
 Passwall                 Tmut/Erth      7%         N/A       12%         2
 Petrify                  Tmut/Erth      9%         N/A       61%         4


Dungeon Overview and Level Annotations

Branches:
Dungeon (3/15)

Altars:
Qazlal


Innate Abilities, Weirdness & Mutations

You cannot wear most types of armour.
You are amphibious.
You can wear up to eight rings at the same time.
Your skin changes colour to match your surroundings (Stealth+).
Your rubbery body absorbs attacks. (AC +1, EV +1)
((You are camouflaged near water. (Stealth+)))
You have tentacles for arms and can constrict up to eight enemies at once.
[You are very vulnerable to cold. (rC--)]


Message History

Your grab misses the goblin. Your squeeze misses the goblin.
The goblin hits you with a +0 dagger.
* * * LOW HITPOINT WARNING * * *
Casting: Sandblast (safe; 5% risk of failure)
Confirm with . or Enter, or press ? or * to list all spells.
Aiming: Sandblast (safe; 5% risk of failure)
Press: ? - help, Shift-Dir - straight line, f - goblin
Aim: a goblin, wielding a +0 dagger (very poisoned, 74% to hit)
The blast of sand hits the goblin!
You kill the goblin!
There is a stone staircase leading up here.
You start resting.
Magic restored.
You start resting.
Qazlal incites the elements against you!
A fire elemental and a wind drake come into view.
You climb upwards.
There is a stone staircase leading down here.
The fire elemental barely misses you. The fire elemental closely misses you.
The fire elemental barely misses you. The fire elemental hits you.
The fire elemental burns you! The fire elemental misses you.
There is an open door, spattered with blood here.
The fire elemental completely misses you.
There is a stone staircase leading up here.
The fire elemental hits you. The fire elemental burns you!
* * * LOW HITPOINT WARNING * * *
You open the door. The fire elemental misses you.
The fire elemental barely misses you.
There is an open door here.
The fire elemental barely misses you. The fire elemental barely misses you.
The fire elemental barely misses you. The fire elemental closely misses you.
The fire elemental misses you. The fire elemental hits you.
* * * LOW HITPOINT WARNING * * *
The fire elemental burns you!
You die...

##'## #.## ##.#
##...## ##.###.##
##.....## ###.#.##
##.....<.## ##.##..#
#.........####......#
'.........+.......###
#.........####...##
##.(.....## ##..#
##..°..## ##@#
##...## #E# ##'## #☼#
#####.##### #☼#
......○..(# #○#
...##..##.######.#
#[.#.......°.°☼..#
........#.########
##.#...##.#


You could see a fire elemental.

Vanquished Creatures
  4 adders
  2 dart slugs
  A worm (D:2)
  4 ball pythons
  2 endoplasms (D:2)
  3 giant cockroaches
  3 goblins
  3 jackals (D:1)
  2 quokkas (D:2)
  4 bats
  3 frilled lizards
  8 kobolds
  4 rats
43 creatures vanquished.

Notes
Turn   | Place    | Note
-------+----------+-------------------------------------------
     0 | D:1      | billz999 the Octopode Earth Elementalist began the quest
                  | for the Orb.
     0 | D:1      | Reached XP level 1. HP: 11/11 MP: 3/3
   130 | D:1      | Reached skill level 3 in Stealth
   153 | D:1      | Reached XP level 2. HP: 14/17 MP: 5/5
   233 | D:1      | Reached skill level 1 in Short Blades
   675 | D:1      | Found a faded altar of an unknown god.
   784 | D:1      | Became a worshipper of Qazlal Stormbringer
   784 | D:1      | Reached * piety under Qazlal
   984 | D:2      | Reached skill level 1 in Fighting
   984 | D:2      | Reached XP level 3. HP: 11/23 MP: 6/6
   984 | D:2      | Fell from the grace of Qazlal
  1196 | D:2      | Noticed an earth elemental
  1278 | D:2      | Reached skill level 4 in Stealth
  1794 | D:2      | Learned a level 3 spell: Stone Arrow
  1802 | D:2      | Reached XP level 4. HP: 28/28 MP: 5/7
  2090 | D:2      | Reached skill level 1 in Conjurations
  2450 | D:3      | Noticed a wind drake
  2450 | D:3      | Noticed a fire elemental
  2498 | D:2      | Mangled by a fire elemental

Illustrated notes

Levels and vault maps discovered:
D:1:      pf_arrival_petrified_forest, layout_loops_ring,
          hellmonk_ecumenical_altar_prayer_group
D:2:      layout_loops_corners
D:3:      layout_basic, serial_corexii_hall, chequers_hall_statues_wall_a,
          corexii_hall_statues_x, minmay_strange_pillars,
          kennysheep_generic_room_9

Skill      XL: |  1  2  3  4 |
---------------+-------------+-----
Stealth        | 3 4 |  4.9
Short Blades   | 1 |  1.2
Fighting       | 1 |  1.0
Conjurations   | 1 |  1.4
Dodging        | |  2.1
Spellcasting   | |  2.0
Transmutations | |  1.0
Earth Magic    | |  3.0

Action                   |  1- 3 |  4- 6 || total
-------------------------+-------+-------++-------
Melee: Dagger            |    74 |    14 ||    88
       Constrict         |    21 |     2 ||    23
       Tentacles         |    10 |     1 ||    11
 Cast: Sandblast         |     7 |     3 ||    10
Invok: Renounce Religion |     1 |       ||     1
  Use: Scroll            |       |     1 ||     1
 Stab: Sleeping          |     6 |     3 ||     9
Armor: Skin              |     8 |       ||     8
Dodge: Dodged            |    50 |    23 ||    73
